General information
- name: BNet
- type: Ladder team game (AT/RT)
- host: Battle.net
- saver: Huehuehuehuehue
map: Battleground
- players: 8
- length: 24:45
- speed: Fast
- version: 1.26 W3XP
- replay type: Public
» download(137 KB)
Players
team 1 (loser)
un.GHOUL (
pink | 28 APM | 376 actions | 13:39)
2 Dreadlord
1 Vampiric Aura
1 Sleep
1 Archmage
1 Summon Water Elemental
» actions
| Assign group hotkey | 1 | |
| Build / train | 29 | |
| Enter build submenu | 8 | |
| Enter hero's abilities submenu | 3 | |
| Right click | 131 | |
| Select / deselect | 176 | |
| Select group hotkey | 1 | |
| Use ability | 27 | |
376 total
» units
» upgrades
» buildings
| Crypt | 1 | |
| Ziggurat | 1 | |
| Nerubian Tower | 1 | |
| Altar of Darkness | 1 | |
| Tree of Ages | 1 | |
| Ancient Protector | 1 | |
| Barracks | 1 | |
| Guard Tower | 1 | |
| Farm | 5 | |
13 total
» build order
00:30 Crypt
00:33 Ziggurat
01:36 Nerubian Tower
02:53 Altar of Darkness
07:21 Tree of Ages
08:23 Ancient Protector
09:24 Barracks
09:33 Guard Tower
10:02 Farm
10:03 Farm
10:03 Farm
12:30 Farm
12:30 Farm

»
jkok (
yellow | 25 APM | 233 actions | 09:09)
3 Mountain King
1 Thunder Clap
2 Storm Bolt
» actions
| Basic commands | 1 | |
| Build / train | 41 | |
| Enter build submenu | 17 | |
| Enter hero's abilities submenu | 3 | |
| Give item / drop item | 1 | |
| Right click | 40 | |
| Select / deselect | 93 | |
| Use ability | 37 | |
233 total
» units
» upgrades
| Gunpowder | 2 | |
| Armor | 1 | |
| Lumber Harvesting | 1 | |
| Long Rifles | 1 | |
| Masonry | 1 | |
6 total
» buildings
| Farm | 9 | |
| Altar of Kings | 1 | |
| Blacksmith | 1 | |
| Barracks | 1 | |
| Scout Tower | 2 | |
| Lumber Mill | 1 | |
| Arcane Tower | 1 | |
| Arcane Vault | 1 | |
| Keep | 1 | |
| Castle | 1 | |
19 total
» build order
00:24 Farm
00:55 Altar of Kings
01:05 Farm
01:09 Blacksmith
01:45 Farm
01:56 Barracks
02:09 Scout Tower
02:31 Lumber Mill
02:37 Farm
02:41 Arcane Tower
02:45 Arcane Vault
03:22 Farm
03:59 Farm
04:02 Keep
04:40 Farm
05:47 Farm
06:38 Castle
06:41 Farm
08:32 Scout Tower
» items
| Scroll of Regeneration | 2 | |
| Lesser Clarity Potion | 2 | |
| Mechanical Critter | 2 | |
6 total
IamaTrayTor (
red | 56 APM | 1379 actions | 24:45)
8 Archmage
3 Summon Water Elemental
3 Brilliance Aura
1 Mass Teleport
1 Blizzard
» actions
| Assign group hotkey | 66 | |
| Basic commands | 61 | |
| Build / train | 75 | |
| Enter build submenu | 40 | |
| Enter hero's abilities submenu | 9 | |
| Give item / drop item | 1 | |
| Right click | 466 | |
| Select / deselect | 361 | |
| Select group hotkey | 178 | |
| Use ability | 122 | |
1379 total
» units
| Peasant | 12 | |
| Footman | 4 | |
| Dragonhawk Rider | 12 | |
28 total
» upgrades
| Masonry | 3 | |
| Lumber Harvesting | 2 | |
| Cloud | 1 | |
| Swords | 3 | |
| Armor | 3 | |
| Animal War Training | 1 | |
| Storm Hammers | 1 | |
14 total
» buildings
| Altar of Kings | 1 | |
| Barracks | 1 | |
| Farm | 7 | |
| Lumber Mill | 3 | |
| Scout Tower | 21 | |
| Arcane Vault | 2 | |
| Arcane Tower | 1 | |
| Keep | 1 | |
| Guard Tower | 9 | |
| Castle | 1 | |
| Gryphon Aviary | 4 | |
| Town Hall | 1 | |
| Blacksmith | 2 | |
54 total
» build order
00:38 Altar of Kings
00:39 Barracks
00:50 Farm
00:52 Farm
01:07 Farm
01:09 Farm
01:25 Lumber Mill
01:53 Scout Tower
02:16 Arcane Vault
02:21 Arcane Tower
02:32 Scout Tower
02:33 Scout Tower
02:35 Scout Tower
02:37 Scout Tower
03:09 Keep
03:10 Guard Tower
03:39 Guard Tower
04:25 Scout Tower
04:26 Scout Tower
06:11 Castle
06:14 Guard Tower
06:47 Gryphon Aviary
06:52 Gryphon Aviary
06:53 Gryphon Aviary
06:55 Gryphon Aviary
08:17 Farm
08:17 Farm
08:19 Farm
09:49 Town Hall
10:06 Scout Tower
10:06 Scout Tower
10:07 Scout Tower
10:07 Scout Tower
10:08 Scout Tower
10:08 Scout Tower
10:08 Scout Tower
10:09 Scout Tower
10:26 Scout Tower
10:26 Scout Tower
10:30 Scout Tower
10:31 Scout Tower
10:34 Scout Tower
10:36 Scout Tower
10:39 Guard Tower
11:04 Guard Tower
11:20 Guard Tower
12:10 Blacksmith
12:14 Blacksmith
14:04 Guard Tower
14:50 Arcane Vault
16:06 Guard Tower
16:07 Guard Tower
16:17 Lumber Mill
18:53 Lumber Mill
» items
| Scroll of Regeneration | 5 | |
| Potion of Healing | 2 | |
| Mechanical Critter | 3 | |
| Scroll of Town Portal | 1 | |
| Staff of Sanctuary | 1 | |
12 total

»
GordonRamsay (
blue | 17 APM | 125 actions | 07:17)
1 Demon Hunter
1 Immolation
» actions
| Build / train | 28 | |
| Enter build submenu | 9 | |
| Enter hero's abilities submenu | 1 | |
| Right click | 22 | |
| Select / deselect | 50 | |
| Use ability | 15 | |
125 total
» units
» upgrades
| Moon Armor | 1 | |
| Strength of the Moon | 1 | |
2 total
» buildings
| Moon Well | 2 | |
| Altar of Elders | 1 | |
| Ancient of War | 1 | |
| Hunter's Hall | 1 | |
| Ancient Protector | 2 | |
7 total
» build order
00:34 Moon Well
00:48 Altar of Elders
01:06 Ancient of War
01:54 Moon Well
03:19 Hunter's Hall
06:23 Ancient Protector
06:29 Ancient Protector
team 2 (winner)
med.ling[sA] (
teal | 54 APM | 1177 actions | 21:54)
5 Archmage
3 Summon Water Elemental
2 Brilliance Aura
3 Paladin
2 Holy Light
1 Divine Shield
2 Mountain King
1 Storm Bolt
1 Bash
» actions
| Assign group hotkey | 38 | |
| Basic commands | 3 | |
| Build / train | 49 | |
| Enter build submenu | 16 | |
| Enter hero's abilities submenu | 10 | |
| Give item / drop item | 2 | |
| Right click | 625 | |
| Select / deselect | 296 | |
| Select group hotkey | 66 | |
| Use ability | 72 | |
1177 total
» units
| Peasant | 8 | |
| Footman | 6 | |
| Gryphon Rider | 6 | |
20 total
» upgrades
| Lumber Harvesting | 1 | |
| Swords | 2 | |
| Armor | 3 | |
| Animal War Training | 1 | |
| Masonry | 1 | |
| Storm Hammers | 1 | |
| Barrage | 1 | |
10 total
» buildings
| Altar of Kings | 1 | |
| Farm | 7 | |
| Barracks | 1 | |
| Arcane Vault | 1 | |
| Keep | 1 | |
| Lumber Mill | 1 | |
| Blacksmith | 1 | |
| Castle | 1 | |
| Gryphon Aviary | 2 | |
| Workshop | 1 | |
17 total
» build order
00:06 Altar of Kings
00:09 Farm
00:18 Barracks
00:40 Farm
02:18 Arcane Vault
02:47 Keep
03:01 Farm
03:20 Lumber Mill
03:25 Blacksmith
03:56 Farm
05:18 Castle
06:35 Gryphon Aviary
06:38 Farm
06:58 Farm
09:15 Gryphon Aviary
09:29 Workshop
10:56 Farm
» items
| Scroll of Regeneration | 2 | |
| Boots of Speed | 1 | |
| Scroll of Town Portal | 1 | |
4 total

»
kbears (
purple | 43 APM | 1059 actions | 24:45)
5 Death Knight
3 Death Coil
2 Unholy Aura
1 Lich
1 Frost Nova
1 Crypt Lord
1 Impale
» actions
| Assign group hotkey | 28 | |
| Basic commands | 110 | |
| Build / train | 50 | |
| ESC pressed | 5 | |
| Enter build submenu | 18 | |
| Enter hero's abilities submenu | 7 | |
| Give item / drop item | 2 | |
| Remove unit from queue | 2 | |
| Right click | 188 | |
| Select / deselect | 257 | |
| Select group hotkey | 337 | |
| Use ability | 55 | |
1059 total
» units
| Acolyte | 8 | |
| Ghoul | 5 | |
| Crypt Fiend | 6 | |
| Forest Troll Shadow Priest | 1 | |
| Forest Troll Berserker | 1 | |
| Frost Wyrm | 1 | |
22 total
» upgrades
| Creature Attack | 2 | |
| Creature Carapace | 1 | |
| Web | 1 | |
| Burrow | 0 | |
| Freezing Breath | 0 | |
4 total
» buildings
| Crypt | 1 | |
| Graveyard | 1 | |
| Altar of Darkness | 1 | |
| Ziggurat | 6 | |
| Tomb of Relics | 1 | |
| Halls of the Dead | 1 | |
| Black Citadel | 1 | |
| Spirit Tower | 2 | |
| Sacrificial Pit | 1 | |
| Necropolis | 3 | |
| Boneyard | 1 | |
19 total
» build order
00:13 Crypt
00:21 Graveyard
00:45 Altar of Darkness
01:04 Ziggurat
01:35 Tomb of Relics
02:16 Ziggurat
03:46 Ziggurat
05:21 Halls of the Dead
08:04 Black Citadel
08:29 Ziggurat
08:31 Ziggurat
08:32 Ziggurat
09:18 Spirit Tower
10:17 Sacrificial Pit
11:32 Necropolis
12:08 Spirit Tower
14:39 Boneyard
17:50 Necropolis
20:32 Necropolis
» items
| Rod of Necromancy | 3 | |
| Dust of Appearance | 1 | |
| Orb of Corruption | 1 | |
| Potion of Healing | 1 | |
| Lesser Clarity Potion | 1 | |
| Scroll of Town Portal | 1 | |
8 total
Huehuehuehuehue (
orange | 88 APM | 2169 actions | 24:45)
5 Mountain King
3 Storm Bolt
2 Bash
» actions
| Assign group hotkey | 72 | |
| Basic commands | 239 | |
| Build / train | 132 | |
| ESC pressed | 3 | |
| Enter build submenu | 48 | |
| Enter hero's abilities submenu | 5 | |
| Give item / drop item | 7 | |
| Remove unit from queue | 1 | |
| Right click | 742 | |
| Select / deselect | 336 | |
| Select group hotkey | 475 | |
| Use ability | 109 | |
2169 total
» units
| Peasant | 13 | |
| Footman | 6 | |
| Rifleman | 16 | |
35 total
» upgrades
| Masonry | 4 | |
| Gunpowder | 3 | |
| Armor | 3 | |
| Long Rifles | 1 | |
11 total
» buildings
| Altar of Kings | 2 | |
| Barracks | 3 | |
| Farm | 10 | |
| Arcane Vault | 1 | |
| Lumber Mill | 1 | |
| Blacksmith | 1 | |
| Keep | 2 | |
| Scout Tower | 27 | |
| Guard Tower | 43 | |
| Castle | 1 | |
| Town Hall | 1 | |
| Arcane Tower | 2 | |
94 total
» build order
00:56 Altar of Kings
01:04 Altar of Kings
01:05 Barracks
01:07 Farm
01:09 Farm
01:22 Farm
01:36 Farm
02:27 Farm
02:33 Arcane Vault
02:48 Lumber Mill
03:07 Farm
03:41 Farm
04:27 Blacksmith
06:11 Keep
06:31 Farm
06:32 Farm
06:36 Scout Tower
06:41 Scout Tower
06:43 Scout Tower
07:19 Guard Tower
07:20 Guard Tower
07:20 Guard Tower
07:22 Scout Tower
07:22 Scout Tower
07:56 Guard Tower
07:56 Guard Tower
09:26 Castle
10:20 Town Hall
10:26 Scout Tower
10:27 Scout Tower
10:30 Scout Tower
10:34 Scout Tower
10:34 Scout Tower
10:37 Scout Tower
11:24 Guard Tower
11:25 Guard Tower
11:25 Guard Tower
11:57 Scout Tower
11:57 Scout Tower
11:59 Scout Tower
12:25 Guard Tower
12:25 Guard Tower
12:26 Guard Tower
12:27 Guard Tower
12:27 Guard Tower
12:27 Guard Tower
12:28 Arcane Tower
14:00 Scout Tower
14:01 Scout Tower
14:05 Scout Tower
14:13 Scout Tower
14:15 Scout Tower
14:17 Scout Tower
14:19 Scout Tower
14:44 Guard Tower
14:44 Guard Tower
14:56 Guard Tower
14:56 Guard Tower
14:56 Guard Tower
14:57 Guard Tower
15:03 Farm
15:08 Barracks
15:17 Barracks
15:19 Guard Tower
15:19 Guard Tower
15:24 Guard Tower
15:24 Guard Tower
16:12 Guard Tower
16:18 Scout Tower
16:19 Scout Tower
16:20 Scout Tower
16:21 Scout Tower
16:21 Scout Tower
16:22 Scout Tower
18:10 Guard Tower
18:29 Guard Tower
18:29 Guard Tower
18:29 Guard Tower
18:35 Guard Tower
18:35 Guard Tower
» items
| Boots of Speed | 1 | |
| Staff of Teleportation | 1 | |
| Mechanical Critter | 2 | |
| Lesser Clarity Potion | 3 | |
| Scroll of Regeneration | 4 | |
| Potion of Healing | 2 | |
| Scroll of Town Portal | 1 | |
| Orb of Corruption | 1 | |
| Scroll of Healing | 2 | |
17 total
TRUELANGER (
green | 51 APM | 1274 actions | 24:45)
4 Blademaster
2 Wind Walk
2 Critical Strike
» actions
| Assign group hotkey | 29 | |
| Basic commands | 98 | |
| Build / train | 52 | |
| Enter build submenu | 15 | |
| Enter hero's abilities submenu | 4 | |
| Give item / drop item | 4 | |
| Right click | 485 | |
| Select / deselect | 147 | |
| Select group hotkey | 389 | |
| Use ability | 51 | |
1274 total
» units
» upgrades
| Ranged Weapons | 2 | |
| Armor | 2 | |
| Reinforced Defenses | 1 | |
| Envenomed Spears | 1 | |
6 total
» buildings
| Altar of Storms | 1 | |
| Orc Burrow | 7 | |
| Voodoo Lounge | 1 | |
| War Mill | 1 | |
| Stronghold | 1 | |
| Watch Tower | 3 | |
| Fortress | 1 | |
| Beastiary | 3 | |
| Great Hall | 2 | |
20 total
» build order
00:08 Altar of Storms
00:21 Orc Burrow
00:37 Voodoo Lounge
01:22 War Mill
02:12 Stronghold
02:41 Watch Tower
02:42 Watch Tower
02:42 Watch Tower
03:23 Orc Burrow
03:26 Orc Burrow
04:47 Fortress
05:20 Beastiary
05:29 Beastiary
07:05 Orc Burrow
08:03 Orc Burrow
09:24 Great Hall
09:42 Orc Burrow
09:43 Orc Burrow
10:37 Great Hall
12:32 Beastiary
» items
| Healing Salve | 3 | |
| Lesser Clarity Potion | 3 | |
| Boots of Speed | 1 | |
| Staff of Teleportation | 1 | |
| Orb of Lightning | 1 | |
| Scroll of Town Portal | 1 | |
10 total
Chat log
(00:47 / All) Huehuehuehuehue: hi ramsay, are you starting a new cooking show in wc3, where you show how you and your allies get smoked?
(01:00 / All) jkok: oo
(01:59 / All) TRUELANGER: anybody get northshire yet
(03:01 / All) TRUELANGER: die bastard
(03:18 / All) TRUELANGER: roose bolton traitor!
(04:42 / Allies) med.ling[sA]: wood ?
(05:00 / All) GordonRamsay: fag
(05:09 / All) TRUELANGER: roose bolton is a traitor
(05:14 / All) TRUELANGER: long live sansa stark
(05:16 / All) GordonRamsay: fagggg
(05:30 / Allies) Huehuehuehuehue: claws for you green
(05:40 / Allies) TRUELANGER: ty
(05:46 / All) TRUELANGER: winter is coming noob
(05:49 / All) TRUELANGER: get out of winterfell
(05:57 / All) GordonRamsay: fagggggggg
(06:13 / All) GordonRamsay: faggggggg
(06:58 / All) GordonRamsay: faggg
(07:02 / All) GordonRamsay: no
(07:08 / All) Huehuehuehuehue: your play is fucking raw did you just install
(07:29 / Allies) med.ling[sA]: ?
(07:34 / Allies) kbears: look
(07:35 / Allies) kbears: stay
(08:05 / Allies) med.ling[sA]: DK
(08:06 / Allies) med.ling[sA]: :/
(08:09 / Allies) med.ling[sA]: b
(08:10 / Allies) med.ling[sA]: DK
(11:18 / All) Huehuehuehuehue: I have sick items but your team all left
(12:17 / All) Huehuehuehuehue: owned
(12:17 / Allies) med.ling[sA]: next
(12:19 / Allies) med.ling[sA]: ?
(12:38 / Allies) kbears: he went dragonhawks...
(12:55 / Allies) TRUELANGER: let it die
(12:56 / Allies) TRUELANGER: we're fine
(13:03 / Allies) Huehuehuehuehue: just hit red
(13:04 / Allies) med.ling[sA]: go
(13:05 / Allies) Huehuehuehuehue: doesn't matter
(13:07 / Allies) Huehuehuehuehue: it's over
(13:58 / Allies) kbears: i noobed that
(14:05 / Allies) kbears: tped rigth ontop of a bunch of knights with fiends
(14:10 / Allies) med.ling[sA]: :)
(15:21 / Allies) med.ling[sA]: woops
(15:28 / Allies) med.ling[sA]: fiebd
(15:30 / Allies) med.ling[sA]: btw
(15:38 / Allies) med.ling[sA]: when can
(16:16 / Allies) med.ling[sA]: should I just leave or ?
(16:21 / All) TRUELANGER: nom nom nom
(16:23 / Allies) Huehuehuehuehue: yeah you shoul;d
(16:25 / All) TRUELANGER: option b, teal
(16:29 / All) TRUELANGER: choose or?
(17:20 / All) TRUELANGER: or????
(17:22 / All) TRUELANGER: or???
(17:25 / All) TRUELANGER: option or???
(17:48 / All) TRUELANGER: give it a rest, purple
(17:50 / All) TRUELANGER: its over
(18:28 / All) TRUELANGER: die kbears
(18:29 / All) TRUELANGER: dieeee
(20:06 / All) TRUELANGER: lol
(20:10 / All) TRUELANGER: u act like we dont see u purple
(20:29 / All) TRUELANGER: yes
(20:46 / All) IamaTrayTor: there's no image of it
(21:21 / Allies) Huehuehuehuehue: kill your base wtf
(21:23 / Allies) Huehuehuehuehue: his team all left
(23:20 / All) Huehuehuehuehue: Anything to say for youself purple
(23:22 / All) Huehuehuehuehue: you lose
(23:27 / All) Huehuehuehuehue: you're 2-3 now
(23:35 / All) Huehuehuehuehue: bad start to the new ladder season how's it feel
(24:12 / All) TRUELANGER: pinks ranked in the top 100 i bet and he was absolutely awful
(24:13 / Allies) Huehuehuehuehue: use wyverns wtf
(24:24 / All) Huehuehuehuehue: he's 17-15 lol
(24:30 / All) IamaTrayTor: he fed me all game
(24:35 / All) IamaTrayTor: anmd I think he fed NE